 Dungeon Crawl Stone Soup version 0.31-a0-672-g7da72447bb (webtiles) character file.

Game seed: 788665804264148508

25 rvierbuc the Conjurer (level 2, -1/19 HPs)
             Began as a Demonspawn Conjurer on Sept 5, 2023.
             Slain by a worm (10 damage)
             ... on level 2 of the Dungeon.
             The game lasted 00:02:51 (982 turns).

rvierbuc the Conjurer (Demonspawn Conjurer)          Turns: 982, Time: 00:02:51

Health: -1/19      AC:  2    Str:  7    XL:     2   Next: 82%
Magic:  1/5        EV: 12    Int: 19    God:
Gold:   42         SH:  4    Dex: 11    Spells: 2/5 levels left

rFire   . . .        h - +4 short sword
rCold   . . .        (no shield)
rNeg    . . .        a - +0 robe
rPois   .            (no helmet)
rElec   .            (no cloak)
rCorr   .            (no gloves)
SInv    .            (no boots)
Will    .....        (no amulet)
Stlth   ++           (no ring)
HPRegen 0.23/turn    (no ring)
MPRegen 0.09/turn

%: no passive effects
@: no status effects
A: large bone plates 1
a: no special abilities


You were on level 2 of the Dungeon.
You visited 1 branch of the dungeon, and saw 2 of its levels.

You collected 42 gold pieces.

Inventory:

Hand Weapons
 d - a +0 dagger
 f - a +1 short sword of venom
 h - a +4 short sword (weapon)
Armour
 a - a +0 robe (worn)
Scrolls
 e - a scroll of teleportation {unknown}
 g - a scroll of enchant armour {unknown}
Potions
 b - a potion of magic
 c - 2 potions of lignification {unknown}


   Skills:
 + Level 2.2 Dodging
 + Level 2.2 Stealth
 + Level 2.3 Spellcasting
 + Level 4.2 Conjurations


You had 2 spell levels left.
You knew the following spells:

 Your Spells              Type           Power      Damage    Failure   Level
a - Magic Dart            Conj           72%        1d6       3%          1
b - Searing Ray           Conj           36%        2d5       4%          2

Your spell library contained the following spells:

 Spells                   Type           Power      Damage    Failure   Level
 Dazzling Flash           Conj/Hex       20%        N/A       21%         3
 Fulminant Prism          Conj/Hex       5%         3d6       56%         4
 Iskenderun's Mystic Bla  Conj/Tloc      10%        2d4       56%         4


Dungeon Overview and Level Annotations

Branches:
Dungeon (2/15)

Altars:


Innate Abilities, Weirdness & Mutations

You are partially covered in large bone plates. (SH +4)


Message History

A worm comes into view.
The magic dart hits the worm.
The worm is lightly wounded.
The magic dart hits the worm.
The worm is moderately wounded.
You can't see any susceptible monsters within range! (Use Z to cast anyway.)
A ball python comes into view.
The magic dart hits the kobold.
The kobold is heavily wounded.
The ball python hisses angrily.
The magic dart hits the kobold.
The kobold is severely wounded.
The magic dart hits the kobold but does no damage.
The kobold is severely wounded.
The kobold hits you with a +4 short sword.
You are out of magic!
You barely miss the kobold.
The kobold is severely wounded.
The kobold hits you with a +4 short sword.
You barely miss the kobold.
The kobold is severely wounded.
The kobold hits you with a +4 short sword.
The ball python attacks as it pursues you!
The ball python barely misses you. You block the ball python's attack.
You hit the ball python.
You kill the ball python!
You hit the kobold.
You kill the kobold!
Things that are here:
a +4 short sword; a kobold corpse; a ball python corpse
h - a +4 short sword Your +1 short sword of venom stops dripping with poison.
h - a +4 short sword (weapon)
The worm closely misses you.
You barely miss the worm. You hit the worm.
The worm is moderately wounded.
The worm bites you!
Ouch! That really hurt!
You die...

... ####..###
#.......# #.......#
#.......# #.......#
#......w### .#
#....(.@..#### (#
#.......#.†..## .#
##.....#####..###.#
#..... ##..##.#
#..... ##..#.#
#..... ##.#.#
#..... #...# ######
##..######
#.......#


You could see a worm.

Vanquished Creatures
  A dart slug (D:1)
  3 bats
  An endoplasm (D:1)
  4 goblins (D:1)
  3 hobgoblins (D:1)
  3 kobolds
  2 ball pythons
  A frilled lizard (D:1)
  3 rats (D:1)
21 creatures vanquished.

Notes
Turn   | Place    | Note
-------+----------+-------------------------------------------
     0 | D:1      | rvierbuc the Demonspawn Conjurer began the quest for the
                  | Orb.
     0 | D:1      | Reached XP level 1. HP: 13/13 MP: 3/3
    69 | D:1      | Found a faded altar of an unknown god.
   320 | D:1      | Gained mutation: You are partially covered in large bone
                  | plates. (SH +4) [demonic ancestry]
   320 | D:1      | Reached XP level 2. HP: 19/19 MP: 3/5
   847 | D:1      | Learned a level 2 spell: Searing Ray
   982 | D:2      | Slain by a worm

Illustrated notes

Levels and vault maps discovered:
D:1:      moated_graveyard_arrival, layout_rooms,
          chequers_ecumenical_altar_simple, roderic_roman_lattice
D:2:      layout_basic, serial_shops, shop, minmay_box_of_dots

Skill      XL: |  1 |
---------------+----+-----
Dodging        | 2 |  2.2
Stealth        | 2 |  2.2
Spellcasting   | |  2.3
Conjurations   | |  4.2

Action                     || total
---------------------------++-------
  Melee: Short sword       ||     8
   Cast: Magic Dart        ||    40
 Armour: Robe              ||    12
  Dodge: Dodged            ||    12
  Block: Other             ||     2

Table legend: (Time is in decaauts)
 A = Elapsed time spent in this place.
 B = Non-inter-level travel time spent in this place.
 C = Inter-level travel time spent in this place.
 D = Time resting spent in this place.
 E = Time spent auto-exploring this place.
 F = Levels seen in this place.
 G = Mean time per level.
                   A        B        C        D        E       F      G
               +--------+--------+--------+--------+--------+-----+--------+
         Total |    980 |    926 |     54 |     36 |    764 |   2 |  490.0 |
       Dungeon |    980 |    926 |     54 |     36 |    764 |   2 |  490.0 |
               +--------+--------+--------+--------+--------+-----+--------+

Top non-repeatable levels by time:
     D:1: 900 daAuts
     D:2: 80 daAuts
